 Dungeon Sprint DCSS version 0.21.1-1-g345015f (webtiles) character file.

4800000 Fang the Sabretooth (level 17, -3/104 HPs)
             Began as a Felid Fighter on Apr 16, 2018.
             Was a High Priest of Makhleb.
             Slain by a destroyer
             ... wielding a +9 great sword of slicing
              (54 damage)
             ... in the Dungeon (Sprint VIII: "Arena of Blood").
             The game lasted 00:01:41 (48 turns).

Fang the Sabretooth (Felid Fighter)                   Turns: 48, Time: 00:01:41

Health: -3/104     AC:  3    Str: 18    XL:     17   Next: 79%
Magic:  49/49      EV: 39    Int: 10    God:    Makhleb [*****.]
Gold:   0          SH:  0    Dex: 17    Spells: 70/70 levels left
                                        Lives:  0   Deaths: 3

rFire    . . .     SeeInvis +     - Unarmed
rCold    + . .     Gourm    .   (shield unavailable)
rNeg     . . .     Faith    .   (armour unavailable)
rPois    .         Spirit   .   (helmet unavailable)
rElec    .         Reflect  .   (cloak unavailable)
rCorr    .         Harm     .   (gloves unavailable)
MR       ++...     NoTele   +   (boots unavailable)
Stlth    +++++++++.             (no amulet)
HPRegen  0.27/turn              i - +27000 ring of slaying
MPRegen  0.31/turn              (no ring)

@: quick
A: very small, no armour, no weapons or thrown items, stealth, claws 1, fangs 3,
see invisible, carnivore, speed 1, shaggy fur 3, slow metabolism 1, sharp paws
a: Minor Destruction, Lesser Servant of Makhleb, Major Destruction, Greater
Servant of Makhleb, Renounce Religion


You were in the Dungeon.
You worshipped Makhleb.
Makhleb was extremely pleased with you.
You were not hungry.

You visited 1 branch

Inventory:

Jewellery
 i - a +27000 ring of slaying (left paw)
Scrolls
 h - a scroll of blinking
Potions
 a - a potion of might
 c - a potion of curing
 d - a potion of heal wounds
 e - a potion of haste
 f - 2 potions of magic
 g - a potion of berserk rage
Comestibles
 b - a ration


   Skills:
 O Level 27 Fighting
 O Level 27 Dodging
 O Level 27 Stealth
 O Level 27 Unarmed Combat
 O Level 27 Spellcasting
 O Level 27 Invocations


You had 70 spell levels left.
You didn't know any spells.

Dungeon Overview and Level Annotations

Branches:
Dungeon (1/1)

Altars:
Makhleb


Innate Abilities, Weirdness & Mutations

You cannot wear armour.
You are incapable of wielding weapons or throwing items.
Your paws allow you to move quietly. (Stealth)
You have sharp claws.
You have razor-sharp teeth.
You have supernaturally acute eyesight. (SInv)
You are carnivorous and can eat meat at any time.
You cover ground quickly.
Your thick and shaggy fur keeps you warm. (AC +3, rC+)
You have a slow metabolism.
Your sharp claws are effective at attacking unaware monsters.


Message History

Unknown command.
You hear a shout! x3
The meat berserker rages.
You hear a shout!
The sculptor of flesh is engulfed in blazing flames.
Some corpses begin to drag themselves along the ground!
Some corpses meld into agglomerations of writhing flesh!
You hear a shout! x4
The meat berserker rages.
A small abomination and 2 crawling corpses come into view.
You eviscerate the crawling corpse!!!!!!!!!!!!
You destroy the crawling corpse!
The meat berserker hits you with a +9 battleaxe!!!
Ouch! That really hurt!
You hear a shout!
The accursed appears out of thin air!
An accursed comes into view.
The destroyer hits you with a +9 great sword of slicing!!!
Ouch! That really hurt!
You die...

.......... .........
......... . #..M....#
...#... #.......#
#O.....###.... ..###.
...........)###......
....#.O..OO@._.%.....
..#.....O.#.V...#...O
........O.#O.<._# ...
#......V#O..V.#....
..#..))...._.......
.........§xx###......
....o..###z§)....###.
.....O. #.O.)...#
....... #.o.o...#


You could see an accursed (wandering), 2 destroyers, a sculptor of flesh, 2
large bags of meat, 6 meat berserkers, a small abomination, a bag of meat and a
crawling corpse.

Vanquished Creatures
  6 ogres (D)
  A two-headed ogre (D)
  12 orcs (D)
  A crawling corpse (D)
20 creatures vanquished.

Notes
Turn   | Place    | Note
-------+----------+-------------------------------------------
     0 | D        | Fang the Felid Fighter began the quest for the Orb.
     0 | D        | Reached XP level 1. HP: 10/10 MP: 2/2
     3 | D        | Noticed a bag of meat
     3 | D        | Noticed a bag of meat
     4 | D        | Became a worshipper of Makhleb the Destroyer
     5 | D        | Noticed a bag of meat
     5 | D        | Killed a bag of meat
     5 | D        | Reached XP level 2. HP: 24/24 MP: 3/3
     5 | D        | Reached XP level 3. HP: 28/28 MP: 4/4
     5 | D        | Reached XP level 4. HP: 32/32 MP: 5/5
     5 | D        | Reached XP level 5. HP: 36/36 MP: 6/6
     5 | D        | Gained mutation: You are covered in thick fur. (AC +2) [Felid growth]
     5 | D        | Reached XP level 6. HP: 40/40 MP: 7/7
     5 | D        | Reached XP level 7. HP: 43/43 MP: 8/8
     5 | D        | Reached XP level 8. HP: 48/48 MP: 9/9
     5 | D        | Reached XP level 9. HP: 51/51 MP: 10/10
     5 | D        | Reached XP level 10. HP: 55/55 MP: 11/11
     5 | D        | Reached XP level 11. HP: 59/59 MP: 12/12
     7 | D        | Noticed a meat berserker
     9 | D        | Noticed a meat berserker
     9 | D        | Noticed a bag of meat
     9 | D        | Noticed a bag of meat
    10 | D        | Noticed a bag of meat
    10 | D        | Killed a meat berserker
    10 | D        | Reached * piety under Makhleb
    10 | D        | Gained mutation: Your thick and shaggy fur keeps you warm. (AC +3, rC+) [Felid growth]
    10 | D        | Reached XP level 12. HP: 68/68 MP: 13/13
    10 | D        | Reached XP level 13. HP: 72/72 MP: 14/14
    10 | D        | Noticed a bag of meat
    11 | D        | Noticed a bag of meat
    11 | D        | Killed a bag of meat
    11 | D        | Reached skill level 27 in Unarmed Combat
    11 | D        | Reached XP level 14. HP: 78/78 MP: 15/15
    12 | D        | Noticed a bag of meat
    13 | D        | Killed a bag of meat
    14 | D        | Killed a meat berserker
    14 | D        | Reached ** piety under Makhleb
    14 | D        | Reached skill level 27 in Dodging
    14 | D        | Reached XP level 15. HP: 45/91 MP: 16/16
    16 | D        | Noticed a meat berserker
    17 | D        | Reached skill level 27 in Fighting
    18 | D        | Reached XP level 16. HP: 100/100 MP: 16/29
    19 | D        | Reached *** piety under Makhleb
    21 | D        | Reached skill level 15 in Spellcasting
    21 | D        | Reached XP level 17. HP: 101/104 MP: 16/37
    22 | D        | Noticed a meat berserker
    26 | D        | Killed a meat berserker
    26 | D        | Reached **** piety under Makhleb
    27 | D        | Annihilated by a meat berserker
    27 | D        | Noticed a large bag of meat
    28 | D        | Reached XP level 16. HP: -31/100 MP: 17/39
    28 | D        | Noticed a meat berserker
    29 | D        | Noticed a large bag of meat
    29 | D        | Reached skill level 27 in Stealth
    30 | D        | Noticed a meat berserker
    30 | D        | Noticed a large bag of meat
    31 | D        | Killed a meat berserker
    31 | D        | Reached XP level 17. HP: 104/104 MP: 39/44
    32 | D        | Annihilated by a large bag of meat
    33 | D        | Reached XP level 16. HP: -37/100 MP: 40/43
    34 | D        | Noticed a meat berserker
    34 | D        | Noticed a destroyer
    36 | D        | Noticed a meat berserker
    36 | D        | Killed a large bag of meat
    36 | D        | Reached ***** piety under Makhleb
    36 | D        | Reached skill level 27 in Invocations
    36 | D        | Reached XP level 17. HP: 17/104 MP: 43/48
    37 | D        | Noticed a sculptor of flesh
    40 | D        | Killed a meat berserker
    40 | D        | Reached skill level 27 in Spellcasting
    41 | D        | Noticed a destroyer
    41 | D        | Noticed a meat berserker
    41 | D        | Noticed a meat berserker
    42 | D        | Killed a meat berserker
    42 | D        | Reached XP level 18. HP: 76/109 MP: 44/50
    43 | D        | Noticed a meat berserker
    43 | D        | Noticed a meat berserker
    43 | D        | Noticed a meat berserker
    43 | D        | Annihilated by a destroyer
    44 | D        | Reached XP level 17. HP: -130/104 MP: 45/49
    44 | D        | Noticed a destroyer
    48 | D        | Slain by a destroyer

Skill      XL: |  1  2  3  4  5  6  7  8  9 10 11 12 13 14 15 16 17 |
---------------+----------------------------------------------------+-----
Fighting       | 13 17 18 24 27 | 27.0
Dodging        | 16 20 22 27 | 27.0
Unarmed Combat | 21 25 27 | 27.0
Stealth        | 12 27 25 | 27.0
Spellcasting   | 8 26 27 | 27.0
Invocations    | 9 27 19 | 27.0

Action                   |  1- 3 |  4- 6 |  7- 9 | 10-12 | 13-15 | 16-18 || total
-------------------------+-------+-------+-------+-------+-------+-------++-------
Melee: Unarmed           |     1 |       |       |     1 |     5 |    13 ||    20
Dodge: Dodged            |       |       |       |     1 |     1 |     5 ||     7
